 Dungeon Crawl Stone Soup version 0.30-a0-1075-gcd70e7a56d (webtiles) character file.

Game seed: 7694051610832494105

375 Aneyh the Trooper (level 6, -15/44 HPs)
             Began as a Tengu Fighter on Apr 15, 2023.
             Killed by divine providence
             ... invoked by an orc priest
              (17 damage)
             ... on level 4 of the Dungeon.
             The game lasted 00:02:44 (2194 turns).

Aneyh the Trooper (Tengu Fighter)                   Turns: 2194, Time: 00:02:45

Health: -15/44     AC:  7    Str: 18    XL:     6   Next: 72%
Magic:  7/7        EV: 11    Int:  8    God:
Gold:   147        SH:  5    Dex: 14    Spells: 5/5 levels left

rFire   . . .      SeeInvis .    a - +0 trident
rCold   . . .      Faith    .    c - +0 buckler
rNeg    . . .      Spirit   .    p - +2 ring mail {Will+}
rPois   .          Reflect  .    (helmet restricted)
rElec   .          Rampage  .    (no cloak)
rCorr   .                        (no gloves)
Will    +....                    (boots unavailable)
Stlth   +                        (no amulet)
HPRegen 0.27/turn                (no ring)
MPRegen 0.10/turn                (no ring)

@: mighty, flying quickly and evasively, quick
A: beak, talons 3, nimble flight
a: no special abilities


You were on level 4 of the Dungeon.
You visited 2 branches of the dungeon, and saw 5 of its levels.

You collected 147 gold pieces.

Inventory:

Hand Weapons
 a - a +0 trident (weapon)
 t - a +0 war axe
Armour
 b - a +0 scale mail
 c - a +0 buckler (worn)
 p - a +2 ring mail of willpower (worn)
Jewellery
 m - a ring of poison resistance
Scrolls
 e - 2 scrolls of identify {unknown}
 g - 3 scrolls of teleportation {unknown}
 i - 2 scrolls of fear {unknown}
 j - a scroll of acquirement {unknown}
 k - a scroll of enchant weapon {unknown}
 l - a scroll of butterflies {unknown}
 n - a scroll of immolation {unknown}
 o - a scroll of enchant armour {unknown}
 r - a scroll of torment {unknown}
Potions
 f - a potion of haste {unknown}
 h - a potion of attraction {unknown}
 q - a potion of ambrosia {unknown}
 s - a potion of curing {unknown}


   Skills:
 + Level 7.3 Fighting
 - Level 2.1 Polearms
 - Level 3.2 Armour
 - Level 3.0 Shields


You had 5 spell levels left.
You didn't know any spells.
Your spell library contained the following spells:

 Spells                   Type           Power      Damage    Failure   Level
 Sandblast                Erth           0%         2d4       69%         1
 Ensorcelled Hibernation  Hex/Ice        0%         N/A       83%         2
 Passwall                 Tmut/Erth      0%         N/A       83%         2
 Sublimation of Blood     Necr           0%         N/A       83%         2
 Wereblood                Tmut           0%         N/A       83%         2
 Stone Arrow              Conj/Erth      0%         3d7       96%         3
 Swiftness                Air            0%         N/A       96%         3
 Animate Armour           Summ/Erth      0%         N/A       100%        4
 Summon Hydra             Summ           0%         N/A       100%        7
 Lehudib's Crystal Spear  Conj/Erth      0%         10d2      100%        8


Dungeon Overview and Level Annotations

Branches:
Dungeon (4/15)             Temple (1/1) D:4

Altars:
Cheibriados
Dithmenos
Elyvilon
Makhleb
Nemelex Xobeh
Okawaru
Qazlal
Ru
Sif Muna
Trog
Uskayaw
Vehumet
Xom


Innate Abilities, Weirdness & Mutations

You have a beak for a mouth.
You have claws for feet.
Your magical nature lets you fly swiftly and evasively.


Message History

An orc comes into view. It is wielding a +0 hand axe.
An orc priest comes into view. It is wielding a +0 short sword.
The orc shouts!
The orc priest shouts!
The orc priest looks encouraged for a moment.
You barely miss the orc wizard. You claw the orc wizard.
The orc wizard is lightly wounded.
The orc wizard misses you.
You puncture the orc wizard! Your kick misses the orc wizard.
Your peck misses the orc wizard.
The orc wizard is severely wounded.
The orc wizard hits you with a +0 dagger.
An orc priest comes into view. It is wielding a +0 club.
You hit the orc wizard.
The orc wizard is almost dead.
The orc wizard completely misses you.
You hit the orc wizard.
You kill the orc wizard!
You block the orc's attack.
You hit the orc priest.
You claw the orc priest, but do no damage.
The orc priest is moderately wounded.
The orc hits you but does no damage.
The orc priest invokes the aid of Beogh against you.
Beogh smites you!
You hit the orc priest.
The orc priest is heavily wounded.
The orc closely misses you.
The orc priest calls down the wrath of Beogh upon you.
Pain shoots through your body! The orc hits you with a +0 hand axe.
The orc priest mumbles some strange prayers to Beogh against you.
Beogh smites you!
* * * LOW HITPOINT WARNING * * *
The orc priest invokes the aid of Beogh against you.
Beogh smites you!
* * * LOW HITPOINT WARNING * * *
You feel very mighty all of a sudden. The orc priest misses you.
The orc closely misses you.
The orc priest calls down the wrath of Beogh upon you.
Beogh smites you!
You die...

##..................#
....................#######
...........#...............
.##........#..##.....#####.
..##.......... #.....#
..#...........##....##
...............#....#
###.................#
###..#..........@)..#
.#...#.........ooo..#
.#..............#...#
..................###
...#.............##
...#..####<.......
...##.............
..####.##.#.......
..).....#.....#...


You could see 2 orc priests and an orc.

Vanquished Creatures
  2 ogres (D:4)
  A scorpion (D:4)
  A hound (D:4)
  An orc wizard (D:4)
  4 adders
  2 dart slugs
  5 orcs
  5 ball pythons
  3 bats (D:1)
  6 endoplasms
  3 giant cockroaches (D:1)
  7 goblins
  2 hobgoblins
  5 jackals
  4 kobolds
  A quokka (D:1)
  2 frilled lizards
  2 rats
56 creatures vanquished.

Notes
Turn   | Place    | Note
-------+----------+-------------------------------------------
     0 | D:1      | Aneyh the Tengu Fighter began the quest for the Orb.
     0 | D:1      | Reached XP level 1. HP: 14/14 MP: 2/2
    44 | D:1      | Reached XP level 2. HP: 19/19 MP: 3/3
   174 | D:1      | Reached skill level 4 in Fighting
   249 | D:1      | Reached XP level 3. HP: 20/24 MP: 4/4
   720 | D:2      | Found a faded altar of an unknown god.
   931 | D:2      | Reached XP level 4. HP: 27/30 MP: 5/5
  1227 | D:3      | Reached skill level 5 in Fighting
  1683 | D:4      | Noticed an ogre
  1691 | D:4      | Killed an ogre
  1692 | D:4      | Reached skill level 6 in Fighting
  1692 | D:4      | Gained mutation: Your magical nature lets you fly swiftly
                  | and evasively. [Tengu growth]
  1692 | D:4      | Reached XP level 5. HP: 26/36 MP: 6/6
  1847 | D:4      | Noticed an ogre
  1874 | D:4      | Killed an ogre
  1875 | D:4      | Reached XP level 6. HP: 20/42 MP: 7/7
  1973 | D:4      | Found a staircase to the Ecumenical Temple.
  1982 | Temple   | Entered the Ecumenical Temple
  2126 | D:4      | Reached skill level 7 in Fighting
  2154 | D:4      | Found a shimmering blue altar of Sif Muna.
  2193 | D:4      | HP: 2/44 [orc priest/divine providence (10)]
  2194 | D:4      | Killed from afar by an orc priest

Illustrated notes

Levels and vault maps discovered:
D:1:      giann_forest_graveyard, layout_rooms
D:2:      layout_loops_cross, shapermc_ecumenical_altar_mp_ritualfount
D:3:      layout_rooms
D:4:      layout_cave_pools, grunt_temple_overflow_gold_and_silver,
          mainiacjoe_overflow_six_doors_small, nzn_wu_jian_contemplation,
          minmay_temple_entry_offerings
Temple:   nicolae_temple_bog_church

Skill      XL: |  1  2  3  4  5  6 |
---------------+-------------------+-----
Fighting       | 4 6 7 |  7.3
Polearms       | |  2.1
Armour         | |  3.2
Shields        | |  3.0

Action                     |  1- 3 |  4- 6 || total
---------------------------+-------+-------++-------
  Melee: Trident           |    84 |    62 ||   146
         Kick              |    19 |    15 ||    34
         Peck              |     7 |     5 ||    12
    Use: Potion            |       |     1 ||     1
 Armour: Scale mail        |    31 |     1 ||    32
         Ring mail         |       |     7 ||     7
  Dodge: Dodged            |    23 |    26 ||    49
  Block: Buckler           |    13 |    15 ||    28

Table legend: (Time is in decaauts)
 A = Elapsed time spent in this place.
 B = Non-inter-level travel time spent in this place.
 C = Inter-level travel time spent in this place.
 D = Time resting spent in this place.
 E = Time spent auto-exploring this place.
 F = Levels seen in this place.
 G = Mean time per level.
                   A        B        C        D        E       F      G
               +--------+--------+--------+--------+--------+-----+--------+
         Total |   2203 |   2060 |    143 |    286 |   1399 |   5 |  440.6 |
       Dungeon |   2077 |   1955 |    122 |    286 |   1304 |   4 |  519.2 |
        Temple |    126 |    105 |     21 |      0 |     94 |   1 |  126.0 |
               +--------+--------+--------+--------+--------+-----+--------+

Top non-repeatable levels by time:
     D:2: 596 daAuts
     D:1: 588 daAuts
     D:3: 516 daAuts
     D:4: 376 daAuts
  Temple: 126 daAuts
